 Dungeon Crawl Stone Soup version 0.28.0 (webtiles) character file.

Game seed: 7189322475822111322

24 Lathuz the Skirmisher (level 3, 32/33 HPs)
             Began as a Hill Orc Fighter on Feb 8, 2022.
             Was an Initiate of Gozag.
             Quit the game on level 1 of the Dungeon.
             The game lasted 00:02:06 (661 turns).

Lathuz the Skirmisher (Hill Orc Fighter)             Turns: 661, Time: 00:02:07

Health: 32/33      AC:  6    Str: 20    XL:     3   Next: 2%
Magic:  12/12      EV:  9    Int:  8    God:    Gozag
Gold:   35         SH:  4    Dex: 10    Spells: 2/2 levels left

rFire   . . .      SeeInvis .   a - +0 war axe
rCold   . . .      Faith    .   c - +0 buckler
rNeg    . . .      Spirit   .   b - +0 scale mail
rPois   .          Reflect  .   (no helmet)
rElec   .          Harm     .   (no cloak)
rCorr   .          Rampage  .   (no gloves)
Will    .....                   (no boots)
Stlth   ..........              (no amulet)
HPRegen 0.11/turn               d - ring of magical power
MPRegen 0.13/turn               (no ring)

@: no status effects
A: no striking features
a: Renounce Religion, Potion Petition, Call Merchant, Bribe Branch


You were on level 1 of the Dungeon.
You worshipped Gozag.
Gozag was noncommittal.
You visited 1 branch of the dungeon, and saw 1 of its levels.

You collected 35 gold pieces.

Inventory:

Hand Weapons
 a - a +0 war axe (weapon)
Missiles
 f - 6 javelins (quivered)
Armour
 b - a +0 scale mail (worn)
 c - a +0 buckler (worn)
Jewellery
 d - a ring of magical power (left hand)
Scrolls
 e - a scroll of enchant weapon {unknown}
Potions
 M - a potion of might


   Skills:
 + Level 4.0 Fighting
 * Level 3.7 Axes
 - Level 3.2 Armour
 + Level 3.6 Shields


You had 2 spell levels left.
You didn't know any spells.
Your spell library contained the following spells:

 Spells                   Type           Power      Damage    Failure   Level
 Summon Small Mammal      Summ           0%         N/A       85%         1
 Call Canine Familiar     Summ           0%         N/A       99%         3
 Summon Guardian Golem    Hex/Summ       0%         N/A       99%         3


Dungeon Overview and Level Annotations

Branches:
Dungeon (1/15)

Altars:
Gozag


Message History

The giant cockroach moves out of view.
You see here a bat corpse.
You barely miss the hobgoblin. You closely miss the hobgoblin.
The hobgoblin hits you.
You barely miss the hobgoblin. You hit the hobgoblin.
You kill the hobgoblin!
You hit the endoplasm.
The endoplasm is moderately wounded.
You hit the endoplasm.
The endoplasm is almost dead.
You slash the endoplasm!
You kill the endoplasm!
Your Fighting skill increases to level 4!
You closely miss the giant cockroach. The giant cockroach bites you.
You closely miss the giant cockroach. You hit the giant cockroach.
You kill the giant cockroach!
You have reached level 3!
Your experience leads to an increase in your attributes!
Increase (S)trength, (I)ntelligence, or (D)exterity?
You feel stronger. x2
What are your orders? t - Shout!
Orders for allies: a - Attack new target. r - Retreat! s - Stop attacking. g - Guard the area. f - Follow me.
Anything else - Cancel.
Okay, then.
Found two human skeletons and 18 sling bullets.
You see here a hobgoblin corpse.
You see here a human skeleton.
There is a faded altar of an unknown god here.
Unknown command.
Press < or > to pray at altars.
You cannot tell which god this altar belongs to.
Convert to them anyway?
Gozag accepts your prayer! Gozag welcomes you!
Gozag waives the service fee.
Are you sure you want to abandon this character and quit the game? (Confirm with "yes".)

#############................
#.............############...
#####..######## .## ###.### #
#.#...#### #..##......
##..#...... ##
######†....##########.## #
#......###..#@÷.÷..÷8... .
#...##...# ##.....(...#
###..###.## #÷......8###
#.###..###....÷..^..# ####
#...##...#.....÷.8# ....
###......##.8.8.8.# ###
#.............†#### ####
#.#########....†#### #... #.#
###.#....#####...


There were no monsters in sight!

Vanquished Creatures
  An endoplasm (D:1)
  3 giant cockroaches (D:1)
  5 hobgoblins (D:1)
  4 jackals (D:1)
  A kobold (D:1)
  A quokka (D:1)
  3 ball pythons (D:1)
  A bat (D:1)
19 creatures vanquished.

Notes
Turn   | Place    | Note
-------+----------+-------------------------------------------
     0 | D:1      | Lathuz the Hill Orc Fighter began the quest for the Orb.
     0 | D:1      | Reached XP level 1. HP: 19/19 MP: 1/1
   280 | D:1      | Reached XP level 2. HP: 23/27 MP: 2/2
   642 | D:1      | Found a faded altar of an unknown god.
   650 | D:1      | Reached skill level 4 in Fighting
   653 | D:1      | Reached XP level 3. HP: 31/33 MP: 3/3
   660 | D:1      | Prayed at the altar of an unknown god.
   660 | D:1      | Became a worshipper of Gozag Ym Sagoz the Greedy
   661 | D:1      | Quit the game

Illustrated notes

Levels and vault maps discovered:
D:1:      amcnicky_arrival_single_pillar, layout_rooms,
          shapermc_ecumenical_altar_pompeii, item_on_display_a

Skill      XL: |  1  2 |
---------------+-------+-----
Axes           | 3 |  3.7
Fighting       | 4 |  4.0
Armour         | |  3.2
Shields        | |  3.6

Action                   || total
-------------------------++-------
Melee: War axe           ||    50
Armor: Scale mail        ||    21
Dodge: Dodged            ||    22
Block: Buckler           ||    19
